 Dungeon Crawl Stone Soup version 0.30-a0-691-g754fce4c43 (webtiles) character file.

Game seed: 7980944943186587686

1110 retardedninja the Chopper (level 8, -8/71 HPs)
             Began as a Hill Orc Fighter on Jan 19, 2023.
             Was an Initiate of Gozag.
             Mangled by a hornet (9 damage)
             ... on level 6 of the Dungeon.
             The game lasted 00:07:54 (6125 turns).

retardedninja the Chopper (Hill Orc Fighter)        Turns: 6125, Time: 00:07:55

Health: -8/71      AC: 10    Str: 21    XL:     8   Next: 33%
Magic:  8/8        EV:  7    Int:  8    God:    Gozag
Gold:   292        SH: 10    Dex: 10    Spells: 7/7 levels left

rFire   + . .      SeeInvis .    a - +0 war axe
rCold   . . .      Faith    .    c - +0 buckler
rNeg    . . .      Spirit   .    w - +0 chain mail
rPois   .          Reflect  +    (no helmet)
rElec   .          Harm     .    (no cloak)
rCorr   .          Rampage  .    (no gloves)
Will    .....                    (no boots) Stlth
                                 g - amulet of reflection
HPRegen 0.31/turn                s - ring of protection from fire
MPRegen 0.11/turn                (no ring)

@: lethally poisoned (-8 -> -14), slowed, very slow
A: no striking features
a: Renounce Religion, Potion Petition, Call Merchant, Bribe Branch


You were on level 6 of the Dungeon.
You worshipped Gozag.
Gozag was aware of your devotion.
You visited 1 branch of the dungeon, and saw 7 of its levels.

You collected 420 gold pieces.
You paid 128 gold pieces to Gozag.

Inventory:

Hand Weapons
 a - a +0 war axe (weapon)
Missiles
 i - a throwing net (quivered)
Armour
 c - a +0 buckler (worn)
 w - a +0 chain mail (worn)
Jewellery
 g - an amulet of reflection (around neck)
 s - a ring of protection from fire (left hand)
Wands
 p - a wand of light (1)
 v - a wand of paralysis (15)
Scrolls
 f - a scroll of magic mapping
 h - 2 scrolls of teleportation
 q - 2 scrolls of amnesia {unknown}
 t - a scroll of fog
 y - 2 scrolls of torment {unknown}
Potions
 b - a potion of berserk rage {unknown}
 d - 2 potions of might
 e - 3 potions of heal wounds
 j - 2 potions of resistance {unknown}
 k - 2 potions of haste
 l - 2 potions of mutation
 m - 3 potions of flight
 n - 3 potions of lignification
 r - a potion of attraction {unknown}
 u - 2 potions of magic {unknown}
 x - a potion of curing


   Skills:
 + Level 6.7 Fighting
 + Level 6.8 Axes
 + Level 6.1 Armour
 + Level 6.2 Shields


You had 7 spell levels left.
You didn't know any spells.
Your spell library contained the following spells:

 Spells                   Type           Power      Damage    Failure   Level
 Sandblast                Erth           0%         2d4       99%         1
 Passwall                 Tmut/Erth      0%         N/A       100%        2
 Stone Arrow              Conj/Erth      0%         3d7       100%        3


Dungeon Overview and Level Annotations

Branches:
Dungeon (7/15)
 Temple: D:4-7

Altars:
Dithmenos
Gozag
Nemelex Xobeh
Qazlal
Uskayaw
Xom

Shops:
D:2 !

Annotations:
D:6 2 transporters, pokeman's ghost, novice DEHW


Message History

You feel as though you will be slow longer.
You block the hornet's attack. x2
You slash the hornet!
The hornet is heavily wounded.
You feel sick. The hornet stings you.
You suddenly lose the ability to move!
The hornet stings you!
You shrug off the repeated paralysis!
You feel yourself speed up.
You feel sick. The hornet stings you!
You are more poisoned.
You feel yourself slow down. The hornet stings you.
You shrug off the repeated paralysis!
You can move again.
You feel better. You block the hornet's attack. x2
You hit the hornet but do no damage.
The hornet is heavily wounded.
You feel yourself speed up.
You block the hornet's attack. x2; The hornet closely misses you.
You closely miss the hornet.
The hornet is heavily wounded.
The hornet stings you but does no damage.
You block the hornet's attack.
You closely miss the hornet.
The hornet is heavily wounded.
The hornet stings you!
You feel yourself slow down.
You miss the hornet.
The hornet is heavily wounded.
The hornet closely misses you. The hornet stings you!
* * * LOW HITPOINT WARNING * * *
You are poisoned.
You feel as though you will be slow longer.
The hornet stings you!
* * * LOW HITPOINT WARNING * * *
You feel as though you will be slow longer.
You barely miss the hornet.
The hornet is heavily wounded.
* * * LOW HITPOINT WARNING * * *
You feel very sick. The hornet stings you!
You die...
Your body crumbles into a pile of gold.

.....##~.~≈♣♣♣PP##
......##P~♣♣~~P~#
#######.PP~~~PP~#
........PPP~PPP##
########..P.~~##
+..........#######
########.........#
################y#
...............>@#
###############..#
#........# #..#
.........# #..#
#.######## #..#
.........# #..#
#...####.# #..#
#...####.######..#
#.....##.........#


You could see a hornet.

Vanquished Creatures
  2 black bears
  A centaur (D:6)
  2 phantoms
  2 scorpions
  A jelly (D:6)
  2 orc priests
  3 hounds
  5 iguanas
  An orc wizard (D:5)
  Natasha (thrice) (D:2)
  8 adders
  4 worms
  3 dart slugs
  18 orcs
  8 ball pythons
  4 bats
  4 endoplasms
  4 giant cockroaches
  10 goblins
  6 hobgoblins
  6 kobolds
  2 quokkas
  6 frilled lizards
  4 rats
109 creatures vanquished.

Vanquished Creatures (others)
  An iguana (D:6)
  An orc (D:6)
  14 plants
  7 withered plants (D:1)
23 creatures vanquished.

Grand Total: 132 creatures vanquished

Notes
Turn   | Place    | Note
-------+----------+-------------------------------------------
     0 | D:1      | retardedninja the Hill Orc Fighter began the quest for the
                  | Orb.
     0 | D:1      | Reached XP level 1. HP: 19/19 MP: 1/1
   124 | D:1      | Found a faded altar of an unknown god.
   211 | D:1      | Reached XP level 2. HP: 27/27 MP: 2/2
   805 | D:1      | Reached XP level 3. HP: 30/33 MP: 3/3
  1120 | D:2      | Found Nor Noba's Distillery.
  1274 | D:2      | Noticed Natasha
  1279 | D:2      | Killed Natasha
  1280 | D:2      | Reached XP level 4. HP: 36/41 MP: 4/4
  1490 | D:2      | Noticed Natasha
  1497 | D:2      | Killed Natasha
  1498 | D:2      | Reached XP level 5. HP: 39/47 MP: 5/5
  1525 | D:2      | Noticed Natasha
  1535 | D:2      | Killed Natasha
  1933 | D:3      | You fall into a shaft and drop 1 floor!
  2133 | D:3      | Found a shadowy altar of Dithmenos.
  2827 | D:4      | Reached XP level 6. HP: 51/55 MP: 6/6
  2834 | D:4      | Reached skill level 5 in Fighting
  3013 | D:4      | Reached skill level 5 in Axes
  3780 | D:5      | Entered Level 5 of the Dungeon
  3792 | D:5      | Reached skill level 5 in Shields
  3802 | D:5      | Reached skill level 5 in Armour
  3845 | D:5      | Reached XP level 7. HP: 12/61 MP: 7/7
  4744 | D:6      | Reached XP level 8. HP: 57/71 MP: 8/8
  4810 | D:6      | Found a transporter.
  4814 | D:6      | Noticed pokeman's ghost (novice DEHW)
  5264 | D:6      | Found a transporter.
  5526 | D:6      | Found a sparkling altar of Nemelex Xobeh.
  5532 | D:6      | Found an opulent altar of Gozag.
  5535 | D:6      | Found a shimmering altar of Xom.
  5535 | D:6      | Found a stormy altar of Qazlal.
  5542 | D:6      | Found a hide-covered altar of Uskayaw.
  5555 | D:6      | Became a worshipper of Gozag Ym Sagoz the Greedy
  6109 | D:7      | Noticed a hornet
  6118 | D:6      | Paralysed by a hornet for 2 turns
  6125 | D:6      | HP: 1/71 [poisoned by a hornet]
  6125 | D:6      | Mangled by a hornet

Illustrated notes

Levels and vault maps discovered:
D:1:      nzn_arrival_settlement, layout_loops_ring,
          shapermc_ecumenical_altar_flowoftime, minmay_misc_feat_chi
D:2:      layout_basic, serial_shops, shop_coins, serial_bayou_pond_d,
          kennysheep_cross_room, uniq_natasha
D:3:      layout_basic, lemuel_doored_altar
D:4:      layout_layer_cave
D:5:      layout_rooms
D:6:      layout_basic, nicolae_overflow_hallway_of_the_gods,
          gammafunk_ghost_stat_death, serial_bayou_lagoon_a
D:7:      layout_cave_pools, minmay_temple_entry_arrows,
          chequers_serial_rivers_room_b, hangedman_misty_isle

Skill      XL: |  1  2  3  4  5  6  7  8 |
---------------+-------------------------+-----
Axes           | 3 4 5 6 |  6.8
Fighting       | 4 5 6 |  6.7
Armour         | 4 5 6 |  6.1
Shields        | 4 5 6 |  6.2

Action                   |  1- 3 |  4- 6 |  7- 9 || total
-------------------------+-------+-------+-------++-------
Melee: War axe           |   132 |   170 |   116 ||   418
  Use: Scroll            |       |    10 |     1 ||    11
       Potion            |       |     1 |     4 ||     5
 Stab: Invisible         |       |       |     3 ||     3
Armor: Scale mail        |    51 |    81 |    16 ||   148
       Chain mail        |       |       |    38 ||    38
Dodge: Dodged            |    57 |    62 |    49 ||   168
Block: Buckler           |    21 |    68 |    78 ||   167
       Reflection        |       |     3 |     3 ||     6

Table legend: (Time is in decaauts)
 A = Elapsed time spent in this place.
 B = Non-inter-level travel time spent in this place.
 C = Inter-level travel time spent in this place.
 D = Time resting spent in this place.
 E = Time spent auto-exploring this place.
 F = Levels seen in this place.
 G = Mean time per level.
                   A        B        C        D        E       F      G
               +--------+--------+--------+--------+--------+-----+--------+
         Total |   6295 |   6163 |    132 |    834 |   4316 |   7 |  899.3 |
       Dungeon |   6295 |   6163 |    132 |    834 |   4316 |   7 |  899.3 |
               +--------+--------+--------+--------+--------+-----+--------+

Top non-repeatable levels by time:
     D:6: 1414 daAuts
     D:4: 1171 daAuts
     D:5: 973 daAuts
     D:2: 921 daAuts
     D:1: 916 daAuts
     D:3: 893 daAuts
     D:7: 3 daAuts
